 Dungeon Crawl Stone Soup version 0.27-a0-1590-g15f69828bf (webtiles) character file.

Game seed: 10963139281527302973

3 Zonian the Conjurer (level 1, -1/9 HPs)
             Began as a Vine Stalker Conjurer on July 19, 2021.
             Slain by a jackal (2 damage)
             ... on level 1 of the Dungeon.
             The game lasted 00:00:15 (152 turns).

Zonian the Conjurer (Vine Stalker Conjurer)          Turns: 152, Time: 00:00:16

Health: -1/9       AC:  2    Str:  9    XL:     1   Next: 50%
Magic:  0/4        EV: 12    Int: 18    God:
Gold:   0          SH:  0    Dex: 12    Spells: 3/4 levels left

rFire    . . .     SeeInvis .   (no weapon)
rCold    . . .     Faith    .   (no shield)
rNeg     . . .     Spirit   +   a - +0 robe
rPois    .         Reflect  .   (no helmet)
rElec    .         Harm     .   (no cloak)
rCorr    .         Rampage  .   (no gloves)
Will     .....                  (no boots)
Stlth    ++........             (no amulet)
HPRegen  0.03/turn              (no ring)
MPRegen  0.09/turn              (no ring)

@: no status effects
A: fangs 2, magic shield, antimagic bite, no potion heal 2
a: no special abilities


You were on level 1 of the Dungeon.
You visited 1 branch of the dungeon, and saw 1 of its levels.

Inventory:

Armour
 a - a +0 robe (worn)


   Skills:
 + Level 1.5 Dodging
 + Level 2.4 Stealth
 + Level 2.2 Spellcasting
 + Level 4.1 Conjurations


You had 3 spell levels left.
You knew the following spells:

 Your Spells              Type           Power      Damage    Failure   Level
a - Magic Dart            Conj           64%        1d6       3%          1

Your spell library contained the following spells:

 Spells                   Type           Power      Damage    Failure   Level
 Searing Ray              Conj           32%        3d4       4%          2
 Dazzling Flash           Conj/Hex       18%        N/A       22%         3
 Fulminant Prism          Conj/Hex       4%         3d6       58%         4
 Iskenderun's Mystic Bla  Conj/Tloc      9%         2d4       58%         4


Dungeon Overview and Level Annotations

Branches:
Dungeon (1/15)

Altars:


Innate Abilities, Weirdness & Mutations

You have extremely sharp teeth.
When hurt, damage is shared between your health and your magic reserves.
Your bite disrupts and absorbs the magic of your enemies.
Potions cannot restore your health.


Message History

The jackal barks!
You hear a bark!
A jackal comes into view.
You hear a bark!
The magic dart hits the jackal but does no damage.
The magic dart hits the jackal but does no damage.
A jackal comes into view.
The jackal bites you but does no damage.
The magic dart hits the jackal.
The jackal is moderately wounded.
The jackal barely misses you.
A jackal comes into view.
Unknown command.
The jackal bites you.
You closely miss the jackal.
The jackal is moderately wounded.
The jackal barely misses you. The jackal bites you.
You closely miss the jackal.
The jackal is moderately wounded.
The jackal barks!
You hit the jackal but do no damage.
Unknown command.
You hit the jackal but do no damage. The jackal misses you.
The jackal completely misses you.
The jackal bites you but does no damage.
The jackal closely misses you.
You closely miss the jackal. Your bite misses the jackal.
The jackal bites you. x2
Unknown command.
You barely miss the jackal. The jackal barely misses you.
The jackal closely misses you. The jackal misses you.
You hit the jackal. You bite the jackal, but do no damage.
The jackal is moderately wounded.
The jackal bites you but does no damage.
The jackal bites you.
* * * LOW HITPOINT WARNING * * *
The jackal bites you.
* * * LOW HITPOINT WARNING * * *
You barely miss the jackal.
The jackal is moderately wounded.
The jackal bites you.
You die...

### ######### ## ..#
#.......# ... ..#
#.......# ....
..#######.......# .....
.............†..###......
.....####.......#hhh.....
..##.## #.......@h#.h....
..##..# #.......### #.###
####### ######### # ###
##### ##### ..# #...#
#...# ..# #...# #.8.#
..###...###...#
..............#


You could see 4 jackals.

Vanquished Creatures
  A hobgoblin (D:1)
  A quokka (D:1)
  A rat (D:1)
3 creatures vanquished.

Notes
Turn   | Place    | Note
-------+----------+-------------------------------------------
     0 | D:1      | Zonian the Vine Stalker Conjurer began the quest for the
                  | Orb.
     0 | D:1      | Reached XP level 1. HP: 9/9 MP: 4/4
   152 | D:1      | Slain by a jackal

Illustrated notes

Levels and vault maps discovered:
D:1:      minmay_arrival_hallway, layout_rooms

Action                   || total
-------------------------++-------
Melee: Unarmed           ||     8
       Bite              ||     1
 Cast: Magic Dart        ||    10
Armor: Robe              ||     3
Dodge: Dodged            ||     8

Table legend: (Time is in decaauts)
 A = Elapsed time spent in this place.
 B = Non-inter-level travel time spent in this place.
 C = Inter-level travel time spent in this place.
 D = Time resting spent in this place.
 E = Time spent auto-exploring this place.
 F = Levels seen in this place.
 G = Mean time per level.
                   A        B        C        D        E       F      G
               +--------+--------+--------+--------+--------+-----+--------+
         Total |    152 |    152 |      0 |      0 |    130 |   1 |  152.0 |
       Dungeon |    152 |    152 |      0 |      0 |    130 |   1 |  152.0 |
               +--------+--------+--------+--------+--------+-----+--------+

Top non-repeatable levels by time:
     D:1: 152 daAuts
